 Dungeon Crawl Stone Soup version 0.20-a0-470-gbb038bd (webtiles) character file.

156 Duffy the Skirmisher (level 5, -3/42 HPs)
             Began as a Demonspawn Wanderer on Jan 13, 2017.
             Slain by an ogre
             ... wielding a +0 giant spiked club
              (11 damage)
             ... on level 4 of the Dungeon.
             The game lasted 00:03:06 (3575 turns).

Duffy the Skirmisher (Demonspawn Wanderer)          Turns: 3575, Time: 00:03:07

Health: -3/42      AC: 12    Str: 12    XL:     5   Next: 14%
Magic:  8/8        EV:  9    Int: 14    God:
Gold:   142        SH:  4    Dex: 13    Spells: 8/8 levels left

rFire  . . .     SeeInvis .     a - +2 dagger
rCold  . . .     Gourm    .     d - +0 ring mail
rNeg   . . .     Faith    .     k - +0 buckler
rPois  .         Spirit   .     (no helmet)
rElec  .         Reflect  .     l - +0 cloak
rCorr  +         Harm     .     (no gloves)
MR     .....                    (no boots)
Stlth  +.........               (no amulet)
                                (no ring)
                                u - ring of resist corrosion

@: sanguine armour
A: powered by pain 1, sanguine armour 1
a: no special abilities


You were on level 4 of the Dungeon.
You were not hungry.

You visited 1 branch of the dungeon, and saw 4 of its levels.
You also visited: Sewer.

You collected 142 gold pieces.

Inventory:

Hand Weapons
 a - a +2 dagger (weapon)
 g - a +0 long sword
Armour
 d - a +0 ring mail (worn)
 k - a +0 buckler (worn)
 l - a +0 cloak (worn)
 m - a -1 chain mail
Jewellery
 u - a ring of resist corrosion (left hand)
Wands
 o - a wand of random effects (27/48)
Scrolls
 b - 3 scrolls of fear
 h - 3 scrolls of enchant weapon {unknown}
 i - a scroll of identify {unknown}
 j - a scroll of magic mapping {unknown}
 n - 2 scrolls of remove curse
 p - 3 scrolls of teleportation
 w - a scroll of amnesia {unknown}
Potions
 e - 2 potions of flight
 q - 2 potions of heal wounds {unknown}
 r - a potion of brilliance {unknown}
 s - 2 potions of magic
Books
 c - the Handbook of Black Magic

   Spells                             Type                      Level
   a - Pain                           Necromancy                   1
   b - Vampiric Draining              Necromancy                   3
Comestibles
 f - 4 bread rations
 t - a royal jelly
 v - a chunk of flesh


   Skills:
 + Level 4.2 Fighting
 - Level 1.7 Armour
 - Level 1.0 Stealth
 + Level 2.1 Shields
 - Level 2.0 Spellcasting
   Level 1.0 Charms
   Level 1.7 Translocations
 - Level 1.0 Evocations


You had 8 spell levels left.
You didn't know any spells.

Dungeon Overview and Level Annotations

Branches:
Dungeon (4/15)
 Temple: D:4-7

Altars:
Gozag
Trog
Yredelemnul

Annotations:
D:2 Purgy


Innate Abilities, Weirdness & Mutations

You sometimes gain a little power by taking damage.
When seriously injured, your bleeding wounds create armour. (AC +6)


Message History

You are too injured to fight recklessly!
You are too injured to fight recklessly!
You are too injured to fight recklessly!
You are too injured to fight recklessly!
You are too injured to fight recklessly!
You are too injured to fight recklessly!
You are too injured to fight recklessly!
You are too injured to fight recklessly!
You hit the ogre.
The ogre is lightly wounded.
You barely miss the ogre.
The ogre is lightly wounded.
You block the ogre's attack.
You hit the ogre.
The ogre is moderately wounded.
The ogre barely misses you.
You hit the ogre.
The ogre is heavily wounded.
The ogre hits you with a giant spiked club!
You die...

....#######...
.............##
....>.........#
...............#
...............#
...............#
.......O=......#
#....@.......#
#............#
#............#
#...../.....#
#.>.........#
#...........#
#...........#
#..........##
##.........#


You could see an ogre.

Vanquished Creatures
  2 worker ants (D:3)
  3 adders
  2 worms (D:3)
  4 dart slugs
  6 leopard geckos (D:3)
  A ball python (D:2)
  3 giant cockroaches
  6 goblins
  5 hobgoblins
  7 jackals (D:1)
  A quokka (D:3)
  7 bats
  5 frilled lizards
  3 kobolds
  6 rats
61 creatures vanquished.

Notes
Turn   | Place    | Note
-------+----------+-------------------------------------------
     0 | D:1      | Duffy the Demonspawn Wanderer began the quest for the Orb.
     0 | D:1      | Duffy set off with: a +2 dagger, a scroll of fear, the Handbook of Black Magic, a +0 ring mail, a bread ration
     0 | D:1      | Reached XP level 1. HP: 15/15 MP: 3/3
     0 | D:1      | Identified the Handbook of Black Magic
   170 | D:1      | Reached skill level 2 in Fighting
   171 | D:1      | Gained mutation: When seriously injured, your bleeding wounds create armour. (AC +6) [demonic ancestry]
   171 | D:1      | Reached XP level 2. HP: 18/22 MP: 5/5
  1003 | D:1      | Reached skill level 3 in Fighting
  1178 | D:2      | Gained mutation: You sometimes gain a little power by taking damage. [demonic ancestry]
  1178 | D:2      | Reached XP level 3. HP: 24/29 MP: 6/6
  1423 | D:2      | Found an opulent altar of Gozag.
  1423 | D:2      | Found a bloodstained altar of Trog.
  1423 | D:2      | Found a basalt altar of Yredelemnul.
  1727 | D:2      | Reached skill level 1 in Shields
  1910 | D:3      | Found a glowing drain.
  1940 | Sewer    | Entered a sewer
  1975 | Sewer    | Reached XP level 4. HP: 36/36 MP: 7/7
  1984 | Sewer    | Noticed Purgy
  2759 | D:3      | Reached skill level 4 in Fighting
  3215 | D:3      | Reached XP level 5. HP: 40/42 MP: 8/8
  3565 | D:4      | Noticed an ogre
  3575 | D:4      | Slain by an ogre

Vault maps used:
D:1:      scummos_arrival_simple_crosswalls
D:2:      grunt_temple_overflow_open, first_bread
D:3:      portal_sewer_entry_f
D:4:      uniq_eustachio
Sewer:    sewer_co_purgy_island

Skill      XL: |  1  2  3  4 |
---------------+-------------+-----
Fighting       | 2 3 4 |  4.2
Shields        | 1 2 |  2.1
Armour         | |  1.7
Stealth        | |  1.0
Spellcasting   | |  2.0
Charms         | |  1.0
Translocations | |  1.7
Evocations     | |  1.0

Action                   |  1- 3 |  4- 6 || total
-------------------------+-------+-------++-------
Melee: Dagger            |   175 |    99 ||   274
  Use: Scroll            |     2 |       ||     2
       Potion            |       |     4 ||     4
  Eat: Chunk             |     4 |     5 ||     9
Armor: Ring mail         |    82 |    52 ||   134
       Chain mail        |     6 |       ||     6
Dodge: Dodged            |   100 |    50 ||   150
Block: Buckler           |    10 |    13 ||    23
